 Dungeon Crawl Stone Soup version 0.31.0-32-g396128a36d (webtiles) character file.

Game seed: 1458814328070369390

19 spaghetti the Slasher (level 2, -1/18 HPs)
             Began as a Deep Elf Chaos Knight on Mar 22, 2024.
             Was a Plaything of Xom.
             Slain by a goblin
             ... wielding a +0 club
              (4 damage)
             ... on level 1 of the Dungeon.
             The game lasted 00:00:32 (479 turns).

spaghetti the Slasher (Deep Elf Chaos Knight)        Turns: 479, Time: 00:00:33

Health: -1/18      AC:  5    Str:  9    XL:     2   Next: 55%
Magic:  4/4        EV: 12    Int: 16    God:    Xom [..*...]
Gold:   52         SH:  0    Dex: 14    Spells: 1/1 levels left

rFire   . . .        a - +0 falchion (chaos)
rCold   . . .        (no shield)
rNeg    . . .        b - +2 leather armour
rPois   .            (no helmet)
rElec   .            (no cloak)
rCorr   .            (no gloves)
SInv    .            (no boots)
Will    .....        (no amulet)
Stlth   +            (no ring)
HPRegen 0.23/turn    (no ring)
MPRegen 0.09/turn

%: no passive effects
@: hasted, very quick
A: no striking features
a: Renounce Religion


You were on level 1 of the Dungeon.
You worshipped Xom.
You were a toy of Xom.
You visited 1 branch of the dungeon, and saw 1 of its levels.

You collected 52 gold pieces.

Inventory:

Hand Weapons
 a - a +0 falchion of chaos (weapon)
Armour
 b - a +2 leather armour (worn)
Jewellery
 d - a ring of protection from fire
Scrolls
 c - a scroll of butterflies
 g - 3 scrolls of poison {unknown}
 h - a scroll of identify {unknown}
 i - a scroll of immolation {unknown}
Potions
 e - a potion of degeneration {unknown}
 f - a potion of haste {unknown}
 j - a potion of mutation {unknown}


   Skills:
 - Level 2.4 Fighting
 + Level 3.6 Long Blades
 - Level 0.7 Armour
 - Level 2.4 Dodging


You had one spell level left.
You didn't know any spells.
Your spell library was empty.

Dungeon Overview and Level Annotations

Branches:
Dungeon (1/15)

Altars:

Shops:
D:1 :


Message History

You kill the jackal!
The goblin closely misses you.
Your hobgoblin zombie hits the hobgoblin but does no damage.
The jackal bites you but does no damage.
The jackal barely misses you.
Okay, then.
You barely miss the hobgoblin. The jackal closely misses you. x2
The goblin barely misses you. The hobgoblin barely misses you.
Your hobgoblin zombie closely misses the hobgoblin.
The jackal barely misses you. The jackal closely misses you.
The hobgoblin misses you. The goblin closely misses you.
You closely miss the hobgoblin.
The jackal bites you but does no damage.
Your hobgoblin zombie closely misses the hobgoblin.
The jackal bites you but does no damage.
The hobgoblin hits you but does no damage.
The goblin hits you with a +0 club.
You barely miss the hobgoblin. The jackal bites you.
The jackal barely misses you.
The jackal bites you but does no damage.
Your hobgoblin zombie hits the hobgoblin.
The jackal closely misses you. The goblin barely misses you.
The hobgoblin closely misses you.
You barely miss the hobgoblin.
The hobgoblin is lightly wounded.
The jackal barely misses you. The jackal closely misses you.
Your hobgoblin zombie hits the hobgoblin.
The goblin barely misses you. The hobgoblin hits you.
* * * LOW HITPOINT WARNING * * *
The jackal barely misses you.
You hit the hobgoblin.
You kill the hobgoblin!
Xom grants you a minor favour.
You feel yourself speed up. The jackal closely misses you.
The jackal barely misses you. x2; The goblin hits you but does no damage.
You closely miss the jackal. Your punch misses the jackal.
The jackal barely misses you. The jackal bites you.
* * * LOW HITPOINT WARNING * * *
The goblin hits you with a +0 club.
You die...

###............# h #
#............######.#.
###.#................∩..
.##.#...............#.#.
....#######.............
...## #.............
...# #.....†....... ...#
#.....Zh...... ..♣#
#.....@hr..... .♣8#
#......g...... ..♣#
#..(..$.......
...########.............
........................
....####################
....# ..#.# .##.#


You could see 2 jackals, a goblin, a rat and a friendly hobgoblin zombie.

Vanquished Creatures
  A dart slug (D:1)
  2 endoplasms (D:1)
  3 hobgoblins (D:1)
  2 jackals (D:1)
  A ball python (D:1)
  A bat (D:1)
  A frilled lizard (D:1)
  2 goblins (D:1)
  A kobold (D:1)
  A rat (D:1)
15 creatures vanquished.

Vanquished Creatures (collateral kills)
  A giant cockroach (D:1)
1 creature vanquished.

Grand Total: 16 creatures vanquished

Notes
Turn   | Place    | Note
-------+----------+-------------------------------------------
     0 | D:1      | spaghetti the Deep Elf Chaos Knight began the quest for the
                  | Orb.
     0 | D:1      | Reached XP level 1. HP: 13/13 MP: 3/3
   203 | D:1      | XOM: butterfly on damage
   209 | D:1      | XOM: noise
   211 | D:1      | Reached skill level 3 in Long Blades
   263 | D:1      | XOM: potion effect (invisibility)
   278 | D:1      | Reached XP level 2. HP: 18/18 MP: 4/4
   359 | D:1      | XOM: silly message
   402 | D:1      | XOM: divination: detect creatures
   465 | D:1      | Found Noijad's Book Shop.
   478 | D:1      | XOM: potion effect (haste)
   479 | D:1      | Slain by a goblin

Illustrated notes

Levels and vault maps discovered:
D:1:      nagdon_arrival_double_spiral, layout_basic, serial_shops,
          nicolae_shop_crystal, kennysheep_decorative_pillar,
          reono_crystal_passage, minmay_fountain_box, minmay_cupped

Skill      XL: |  1 |
---------------+----+-----
Long Blades    | 3 |  3.6
Fighting       | |  2.4
Armour         | |  0.7
Dodging        | |  2.4

Action                     || total
---------------------------++-------
  Melee: Falchion          ||    58
         Punch             ||     1
 Armour: Leather armour    ||    53
  Dodge: Dodged            ||    76
